 Dungeon Crawl Stone Soup version 0.21.0-25-ge575cb9 (webtiles) character file.

215866 Moloch the Mummy Blade (level 18, -6/148 HPs)
             Began as a Mummy Fighter on Jan 23, 2018.
             Was the Champion of Okawaru.
             Mangled by an imperial myrmidon
             ... wielding a +1 demon blade of freezing
              (21 damage)
             ... on level 2 of the Elven Halls.
             The game lasted 01:28:39 (36080 turns).

Moloch the Mummy Blade (Mummy Fighter)             Turns: 36080, Time: 01:28:40

Health: -6/148     AC: 28    Str: 26    XL:     18   Next: 34%
Magic:  18/18      EV: 13    Int:  7    God:    Okawaru [******]
Gold:   3103       SH:  0    Dex: 18    Spells: 17/17 levels left

rFire    + + .     SeeInvis +   p - +6 great sword "Zunn" {venom, rElec}
rCold    + + .     Gourm    .   (shield currently unavailable)
rNeg     + + +     Faith    .   L - +5 plate armour "Atavi" {rF++ rC- rCorr SInv Stlth+}
rPois    ∞         Spirit   .   v - +2 hat
rElec    +         Reflect  .   P - +2 cloak {rPois}
rCorr    +         Harm     .   I - +0 pair of gloves of Instinct {rF+}
MR       +....                  r - +1 pair of boots of the Scribe {rN+ Str+5}
Stlth    ..........             c - amulet "Xiejyigg" {rC+ Regen+}
HPRegen  0.74/turn              J - ring of see invisible
MPRegen  0.16/turn              N - ring of protection from cold

@: confused, vulnerable, slowed, very slow
A: no food or potions, fire vulnerability, cold resistance 1, negative energy
resistance 3, torment resistance, unbreathing, in touch with death 1
}: 1/15 runes: serpentine
a: Heroism, Finesse, Renounce Religion


You were on level 2 of the Elven Halls.
You worshipped Okawaru.
Okawaru was exalted by your worship.
You were not hungry.

You visited 6 branches of the dungeon, and saw 30 of its levels.
You also visited: Ice Cave and Desolation.

You collected 3807 gold pieces.
You spent 704 gold pieces at shops.

Inventory:

Hand Weapons
 g - a +3 triple sword of protection
 p - the +6 great sword "Zunn" (weapon) {venom, rElec}
   (Okawaru gifted it to you on level 5 of the Lair of Beasts)

   It poisons the flesh of those it strikes.
   It insulates you from electricity.
 D - the +7 great sword "Ogrebane" {venom, Int-2 Dex+2 Stlth+}
   (Okawaru gifted it to you on level 1 of the Lair of Beasts)

   It poisons the flesh of those it strikes.
   It affects your intelligence (-2).
   It affects your dexterity (+2).
   It makes you more stealthy.
 K - a +7 vampiric triple sword
 Q - the +2 great sword "Uqiga" {flame, rPois}
   (Okawaru gifted it to you on level 3 of the Snake Pit)

   It has been specially enchanted to burn those struck by it, causing extra
   injury to most foes and up to half again as much damage against particularly
   susceptible opponents.
   Big, fiery blades are also staple armaments of hydra-hunters.
   It protects you from poison.
Missiles
 o - 25 tomahawks (quivered)
Armour
 r - the +1 pair of boots of the Scribe (worn) {rN+ Str+5}
   (You found it on level 5 of the Dungeon)

   It affects your strength (+5).
   It protects you from negative energy.
 v - a +2 hat (worn)
 C - the +3 gold dragon scales of Tenacity {rPois rF+ rC+ rCorr Int+4}
   (Okawaru gifted it to you on level 1 of the Orcish Mines)

   It affects your intelligence (+4).
   It protects you from fire.
   It protects you from cold.
   It protects you from poison.
   It protects you from acid and corrosion.
 I - the +0 pair of gloves of Instinct (worn) {rF+}
   (Okawaru gifted it to you on level 4 of the Lair of Beasts)

   It protects you from fire.
 L - the +5 plate armour "Atavi" (worn) {rF++ rC- rCorr SInv Stlth+}
   (Okawaru gifted it to you on level 5 of the Lair of Beasts)

   It greatly protects you from fire.
   It makes you vulnerable to cold.
   It lets you see invisible.
   It protects you from acid and corrosion.
   It makes you more stealthy.
 P - a +2 cloak of poison resistance (worn)
Jewellery
 a - an uncursed ring of protection from fire
 c - the amulet "Xiejyigg" (around neck) {rC+ Regen+}
   (You bought it in a shop on level 2 of the Orcish Mines)

   [amulet of regeneration]

   It protects you from cold.
   It increases your rate of regeneration.
 f - an uncursed ring of fire
 A - an uncursed ring of fire
 J - a ring of see invisible (left hand)
 N - a ring of protection from cold (right hand)
Wands
 l - a wand of flame (26)
 m - a wand of polymorph (49)
 n - a wand of enslavement (15)
 t - a wand of acid (12)
 w - a wand of digging (15)
 y - a wand of iceblast (19)
 z - a wand of paralysis (28)
 O - a wand of disintegration (14)
Scrolls
 d - 15 scrolls of remove curse
 e - a scroll of holy word
 h - 7 scrolls of amnesia
 i - 5 scrolls of enchant armour
 j - 7 scrolls of teleportation
 k - 9 scrolls of identify
 q - a scroll of blinking
 s - a scroll of summoning
 u - 2 scrolls of vulnerability
 B - 4 scrolls of immolation
 F - a scroll of magic mapping
 G - 3 scrolls of fog
 R - a scroll of enchant weapon
Miscellaneous
 x - a phial of floods
 E - a sack of spiders
 H - a lamp of fire (inert)
 M - a lightning rod (4/4)


   Skills:
 + Level 14.8 Fighting
 * Level 21.1 Long Blades
 + Level 9.1 Armour
 * Level 8.5 Dodging
   Level 2.4 Shields


You had 17 spell levels left.
You didn't know any spells.

Dungeon Overview and Level Annotations

Branches:
Dungeon (15/15)            Temple (1/1) D:4            Lair (6/6) D:10
 Shoals (0/4) Lair:3        Snake (4/4) Lair:4          Orc (2/2) D:9
    Elf (2/3) Orc:2        Vaults (0/5) D:14         Depths (0/5) D:15
  Slime: Lair:5-6

Altars:
Ashenzari
Cheibriados
Dithmenos
Elyvilon
Fedhas
Gozag
Hepliaklqana
Kikubaaqudgha
Makhleb
Nemelex Xobeh
Okawaru
Qazlal
Ru
Sif Muna
Trog
Uskayaw
Vehumet
Wu Jian
Xom
Yredelemnul
Zin
The Shining One
Beogh

Shops:
D:4 *   D:10 ?   D:13 %   Orc:2 =([}   Snake:2 (   Snake:3 (

Annotations:
D:5 Pikel
Lair:5 exclusion: 6 oklob plants


Innate Abilities, Weirdness & Mutations

You do not eat or drink.
Your flesh is vulnerable to fire.
You are immune to poison.
Your flesh is cold resistant. (rC+)
You are immune to negative energy. (rN+++)
You are immune to unholy pain and torment.
You can survive without breathing.
You are in touch with the powers of death.


Message History

Okawaru accepts your kill.
The servant of whispers looks more healthy.
The imperial myrmidon hits you with a demon blade of freezing.
The halazid warlock touches you but does no damage.
The ironbrand convoker hits you but does no damage.
The servant of whispers hits you but does no damage.
The ironbrand convoker closely misses you.
You slice the ironbrand convoker!!
The ironbrand convoker looks as sick as possible!
The ironbrand convoker is severely wounded.
The imperial myrmidon hits you with a demon blade of freezing!!!
* * * LOW HITPOINT WARNING * * *
The imperial myrmidon freezes you.
* * * LOW HITPOINT WARNING * * *
The halazid warlock touches you!
* * * LOW HITPOINT WARNING * * *
The servant of whispers barely misses you.
The ironbrand convoker closely misses you.
The imperial myrmidon hits you with a demon blade of freezing!!
You die...

**+*,,,,,,*
**,,******,## *
***,*,*****#..# **
*,,,,,,,,,,...# ,**
**,,##**,###...#
*,*******,,,#..*,#.....#
**+*,,,*+*,,#..###.....#
**,,,,,**,,*#.ppL.#...#
**,,,,,,,**,,#.)@).....#
,+,,,,,,,**,*#..pp.^...#
**,,,,,,,*#,#..###.....#
**,,,,,**#.#..#.#..#.##
**+,,,** #.####...##?#
**,*+*** *#..........#
*,**,* #...########
,***,* ###'### ** *,*
#.....#


You could see a servant of whispers, an imperial myrmidon, a halazid warlock and
2 ironbrand convokers.

Vanquished Creatures
  Vashnia (Snake:3)
  Frances (D:13)
  8 nagarajas
  An orc warlord (Orc:2)
  Nessos (D:14)
  2 entropy weavers (Lair:5)
  A deep elf demonologist (Elf:1)
  A dire elephant (D:15)
  Azrael (D:13)
  3 ragged hierophants
  A fire dragon (Lair:6)
  A great orb of eyes (D:15)
  2 servants of whispers
  8 hydras
  An ice dragon (IceCv)
  Harold (D:11)
  A peacekeeper (Desolation)
  19 naga warriors
  3 centaur warriors
  A catoblepas (D:14)
  15 anacondas
  6 two-headed ogres
  5 dancing weapons (Elf:1)
  A queen ant (Lair:5)
  Erica (D:11)
  6 death yaks (Lair:5)
  17 naga sharpshooters
  An orc high priest (Orc:2)
  11 shock serpents
  Nergalle (D:11)
  6 deep elf knights (Elf:1)
  A fire crab (Lair:6)
  A salamander mystic (Snake:3)
  A sea snake (shapeshifter) (D:14)
  A flayed ghost (D:15)
  A skeletal warrior (D:13)
  7 sea snakes
  A swamp dragon (Lair:6)
  2 unseen horrors
  A wizard (D:15)
  7 naga ritualists
  6 orc knights
  5 deep elf archers
  A wolf spider zombie (D:14)
  An orc sorcerer (Orc:2)
  5 mana vipers
  18 deep elf magi
  14 ugly things
  10 cyclopes
  2 manticores
  8 salamanders
  6 centaur zombies
  12 guardian serpents
  2 ice statues (IceCv)
  24 naga magi
  38 black mambas
  10 spiny frogs
  9 rime drakes
  A freezing wraith (D:15)
  7 komodo dragons
  A queen bee (shapeshifter) (D:13)
  A harpy zombie (D:15)
  3 meliai (D:14)
  Prince Ribbit (Lair:1)
  2 hornets
  13 polar bears
  8 trolls
  A polar bear (shapeshifter) (D:14)
  A raiju (Lair:6)
  11 dream sheep
  12 saltlings (Desolation)
  23 blink frogs
  8 hippogriffs
  An air elemental (Elf:1)
  A centaur simulacrum (D:15)
  3 wyverns
  2 water elementals
  2 shadows (D:14)
  29 yaks
  A fire elemental (D:12)
  4 hogs (D:9)
  A human (D:9)
  7 basilisks
  2 wraiths (D:14)
  A hungry ghost (D:13)
  3 vampire mosquitoes (D:13)
  A steam dragon (Lair:6)
  5 wargs
  71 nagas
  11 water moccasins
  3 acid dragons
  21 hell hounds
  25 soldier ants (Lair:5)
  9 porcupines
  2 phantoms
  A sky beast (D:7)
  32 orc warriors
  2 slaves (D:5)
  A black bear (shapeshifter) (D:14)
  A swamp drake (Lair:6)
  14 black bears
  An eye of draining (D:14)
  23 ice beasts
  11 ogres
  23 wolves
  17 centaurs
  8 crocodiles
  14 bullfrogs
  3 big kobolds
  3 earth elementals (Elf:1)
  A water moccasin zombie (D:6)
  2 wyvern skeletons
  3 scorpions
  A water moccasin skeleton (D:12)
  8 wights
  5 killer bees (D:8)
  An electric eel (Snake:3)
  2 howler monkeys
  5 crimson imps
  A bullfrog zombie (D:8)
  5 jellies
  A quasit (D:15)
  3 hounds
  12 orc priests
  7 centaur skeletons
  10 iguanas
  16 orc wizards
  31 worker ants
  4 hell rats (Lair:6)
  A hound skeleton (D:6)
  A howler monkey skeleton (D:6)
  4 adders
  2 shadow imps
  An ooze (D:3)
  2 adder skeletons
  6 worms
  5 dart slugs
  7 leopard geckos
  81 orcs
  A ball python (D:2)
  4 giant cockroaches
  5 goblins
  8 hobgoblins
  11 jackals
  15 kobolds
  8 bats
  5 frilled lizards
  A leopard gecko zombie (D:5)
  A quokka skeleton (D:4)
  A quokka zombie (D:8)
  5 rats
1067 creatures vanquished.

Vanquished Creatures (others)
  2 naga magi (Snake:4)
  A wight (D:13)
  2 fungi (Lair:6)
  32 plants
37 creatures vanquished.

Grand Total: 1104 creatures vanquished

Notes
Turn   | Place    | Note
-------+----------+-------------------------------------------
     0 | D:1      | Moloch the Mummy Fighter began the quest for the Orb.
     0 | D:1      | Reached XP level 1. HP: 18/18 MP: 1/1
   145 | D:1      | Reached skill level 2 in Long Blades
   145 | D:1      | Reached XP level 2. HP: 21/24 MP: 2/2
   581 | D:1      | Reached XP level 3. HP: 28/29 MP: 3/3
  1860 | D:2      | Reached skill level 3 in Long Blades
  1927 | D:2      | Reached XP level 4. HP: 30/36 MP: 4/4
  2148 | D:2      | Found a shimmering altar of Xom.
  2888 | D:4      | Reached skill level 4 in Long Blades
  2888 | D:4      | Reached XP level 5. HP: 15/42 MP: 5/5
  3140 | D:4      | Found Dydwun's Assorted Antiques.
  3506 | D:4      | Found a sparkling altar of Nemelex Xobeh.
  3600 | D:4      | Found a staircase to the Ecumenical Temple.
  3664 | Temple   | Entered the Ecumenical Temple
  3909 | Temple   | Became a worshipper of Warmaster Okawaru
  4121 | D:4      | Reached XP level 6. HP: 35/48 MP: 6/6
  4206 | D:5      | Entered Level 5 of the Dungeon
  4251 | D:5      | Reached skill level 5 in Long Blades
  4274 | D:5      | Found a runed door.
  4312 | D:5      | Noticed a slave
  4360 | D:5      | Killed a slave
  4588 | D:5      | Found an ornate altar of the Wu Jian Council.
  4872 | D:5      | Noticed a slave
  4893 | D:5      | Killed a slave
  4968 | D:5      | Noticed Pikel
  4968 | D:5      | Noticed a slave
  4968 | D:5      | Noticed a slave
  4976 | D:5      | Noticed Pikel
  4976 | D:5      | Pikel changed into Pikel the naga
  6191 | D:5      | Got a pair of polished boots
  6202 | D:5      | Identified the +1 pair of boots of the Scribe {rN+ Str+5} (You found it on level 5 of the Dungeon)
  6241 | D:5      | Noticed Crazy Yiuf
  6242 | D:5      | Noticed Crazy Yiuf
  6242 | D:5      | Crazy Yiuf changed into Crazy Yiuf the worm
  6248 | D:5      | Killed Crazy Yiuf the worm
  6361 | D:6      | Found a hazy altar of Hepliaklqana.
  6411 | D:6      | Found a snail-covered altar of Cheibriados.
  6503 | D:6      | Reached XP level 7. HP: 51/54 MP: 7/7
  6530 | D:6      | Reached skill level 6 in Long Blades
  6769 | D:6      | Reached * piety under Okawaru
  7239 | D:6      | Reached skill level 7 in Long Blades
  7254 | D:6      | Found a sacrificial altar of Ru.
  7449 | D:6      | Reached XP level 8. HP: 50/61 MP: 8/8
  7826 | D:7      | Noticed a hippogriff
  7857 | D:7      | Killed a hippogriff
  7857 | D:7      | Reached skill level 5 in Fighting
  7857 | D:7      | Reached skill level 8 in Long Blades
  7885 | D:7      | Reached ** piety under Okawaru
  7894 | D:7      | Found a glowing silver altar of Zin.
  8615 | D:7      | Reached skill level 9 in Long Blades
  8770 | D:8      | Reached XP level 9. HP: 61/68 MP: 7/9
  8986 | D:8      | Noticed a troll
  9225 | D:8      | Reached *** piety under Okawaru
  9225 | D:8      | Reached skill level 10 in Long Blades
  9467 | D:8      | Noticed a two-headed ogre
  9478 | D:8      | Killed a two-headed ogre
  9609 | D:8      | Reached **** piety under Okawaru
  9906 | D:9      | Found a white marble altar of Elyvilon.
 10296 | D:9      | Reached skill level 11 in Long Blades
 10512 | D:9      | Reached XP level 10. HP: 77/77 MP: 10/10
 10849 | D:9      | Found a staircase to the Orcish Mines.
 10995 | D:10     | Entered Level 10 of the Dungeon
 11017 | D:10     | Noticed Maurice
 11029 | D:10     | Noticed Maurice
 11029 | D:10     | Maurice changed into Maurice the blink frog
 11046 | D:10     | Killed Maurice the blink frog
 11067 | D:10     | Found a staircase to the Lair.
 11094 | D:10     | Reached ***** piety under Okawaru
 11273 | D:10     | Found Qiasuuk's Magic Scroll Shoppe.
 11303 | D:10     | Reached skill level 12 in Long Blades
 11699 | D:11     | Noticed Nergalle
 11734 | D:11     | Killed Nergalle
 11795 | D:11     | Noticed Harold
 11810 | D:11     | Killed Harold
 12022 | D:11     | Reached XP level 11. HP: 81/85 MP: 11/11
 12134 | D:11     | Noticed Erica
 12141 | D:11     | Killed Erica
 12600 | Lair:1   | Entered Level 1 of the Lair of Beasts
 12604 | Lair:1   | Reached skill level 13 in Long Blades
 12687 | Lair:1   | Found a frozen archway.
 12766 | IceCv    | Entered an ice cave
 13081 | IceCv    | Reached ****** piety under Okawaru
 13406 | IceCv    | Received a gift from Okawaru
 13527 | IceCv    | Noticed an ice dragon
 13544 | IceCv    | Killed an ice dragon
 13812 | Lair:1   | Reached skill level 14 in Long Blades
 14021 | Lair:1   | Noticed Prince Ribbit
 14059 | Lair:1   | Killed Prince Ribbit
 14064 | Lair:1   | Reached XP level 12. HP: 47/95 MP: 12/12
 14308 | Lair:1   | Received a gift from Okawaru
 14311 | Lair:1   | Got a faintly glowing great sword {god gift}
 14317 | Lair:1   | Identified the +7 great sword "Ogrebane" {venom, Int-2 Dex+2 Stlth+} (Okawaru gifted it to you on level 1 of the Lair of Beasts)
 14862 | Lair:2   | Noticed a five-headed hydra
 14873 | Lair:2   | Killed a one-headed hydra
 15480 | Lair:3   | Found a staircase to the Shoals.
 15714 | Lair:3   | Reached skill level 15 in Long Blades
 16352 | Lair:4   | Received a gift from Okawaru
 16355 | Lair:4   | Got a pair of pitted gloves {god gift}
 16366 | Lair:4   | Identified the +0 pair of gloves of Instinct {rF+} (Okawaru gifted it to you on level 4 of the Lair of Beasts)
 16512 | Lair:4   | Found a staircase to the Snake Pit.
 16550 | Lair:4   | Reached skill level 10 in Fighting
 17410 | Lair:5   | Noticed a death yak
 17415 | Lair:5   | Noticed a death yak
 17416 | Lair:5   | Noticed a death yak
 17540 | Lair:5   | Gained mutation: You are in touch with the powers of death. [Mummy growth]
 17540 | Lair:5   | Reached XP level 13. HP: 95/103 MP: 13/13
 17589 | Lair:5   | Reached skill level 16 in Long Blades
 17914 | Lair:5   | Received a gift from Okawaru
 18103 | Lair:5   | Noticed an entropy weaver
 18230 | Lair:5   | Noticed an entropy weaver
 18279 | Lair:5   | Killed an entropy weaver
 18279 | Lair:5   | Received a gift from Okawaru
 18288 | Lair:5   | Got a translucent great sword {god gift}
 18292 | Lair:5   | Identified the +6 great sword "Zunn" {venom, rElec} (Okawaru gifted it to you on level 5 of the Lair of Beasts)
 18403 | Lair:5   | Reached skill level 17 in Long Blades
 18452 | Lair:5   | Killed an entropy weaver
 18452 | Lair:5   | Reached skill level 1 in Dodging
 19066 | Lair:6   | Entered Level 6 of the Lair of Beasts
 19228 | Lair:5   | Received a gift from Okawaru
 19228 | Lair:5   | Reached XP level 14. HP: 61/113 MP: 14/14
 19231 | Lair:5   | Got a pitted plate armour {god gift}
 19242 | Lair:5   | Identified the +5 plate armour "Atavi" {rF++ rC- rCorr SInv Stlth+} (Okawaru gifted it to you on level 5 of the Lair of Beasts)
 20745 | Orc:1    | Entered Level 1 of the Orcish Mines
 20815 | Orc:2    | Entered Level 2 of the Orcish Mines
 20838 | Orc:2    | Reached skill level 18 in Long Blades
 20851 | Orc:2    | Found a staircase to the Elven Halls.
 20916 | Orc:2    | Found a roughly hewn altar of Beogh.
 21247 | Orc:1    | Received a gift from Okawaru
 21267 | Orc:1    | Got steaming gold dragon scales {god gift}
 21287 | Orc:1    | Identified the +3 gold dragon scales of Tenacity {rPois rF+ rC+ rCorr Int+4} (Okawaru gifted it to you on level 1 of the Orcish Mines)
 21504 | Orc:2    | Noticed an orc warlord
 21513 | Orc:2    | Killed an orc warlord
 22400 | Orc:2    | Found Derut's Armour Shoppe.
 22400 | Orc:2    | Found Meudeliy's Weapon Shop.
 22402 | Orc:2    | Found Hajijad's Jewellery Boutique.
 22404 | Orc:2    | Found Bofi's Gadget Emporium.
 22411 | Orc:2    | Bought the amulet "Xiejyigg" {rC+ Regen+} for 704 gold pieces
 23256 | D:13     | Noticed Azrael
 23291 | D:12     | Reached XP level 15. HP: 96/120 MP: 13/15
 23348 | D:13     | Killed Azrael
 23369 | D:13     | Noticed Frances
 23381 | D:13     | Killed Frances
 23736 | D:13     | Received a gift from Okawaru
 23765 | D:13     | Got a bloodstained falchion {god gift}
 23947 | D:13     | Found Widulani's Food Boutique.
 24842 | D:14     | Reached skill level 19 in Long Blades
 24851 | D:14     | Noticed Nessos
 24873 | D:14     | Killed Nessos
 24932 | D:14     | Found a gate to the Vaults.
 25127 | D:14     | Received a gift from Okawaru
 25456 | D:14     | Reached skill level 5 in Armour
 25799 | D:15     | Entered Level 15 of the Dungeon
 26018 | D:15     | Reached skill level 5 in Dodging
 26394 | D:15     | Received a gift from Okawaru
 26547 | D:15     | Found a staircase to the Depths.
 26892 | Snake:1  | Entered Level 1 of the Snake Pit
 27088 | Snake:1  | Reached XP level 16. HP: 63/129 MP: 16/16
 27268 | Snake:1  | Found a sparkling altar of Nemelex Xobeh.
 28047 | Snake:2  | Received a gift from Okawaru
 28367 | Snake:2  | Found Mobi's Weapon Boutique.
 29474 | Snake:3  | Reached skill level 20 in Long Blades
 29607 | Snake:3  | Received a gift from Okawaru
 29613 | Snake:3  | Got an ivory great sword {god gift}
 29614 | Snake:3  | Identified the +2 great sword "Uqiga" {flame, rPois} (Okawaru gifted it to you on level 3 of the Snake Pit)
 29918 | Snake:3  | Noticed Vashnia
 30532 | Snake:3  | Killed Vashnia
 30661 | Snake:3  | Found Rupem's Weapon Emporium.
 31259 | Snake:3  | Received a gift from Okawaru
 31638 | Snake:4  | Entered Level 4 of the Snake Pit
 31826 | Snake:4  | Reached XP level 17. HP: 136/137 MP: 17/17
 32428 | Snake:4  | Received a gift from Okawaru
 32431 | Snake:4  | Got a pair of twisted boots {god gift}
 32442 | Snake:4  | Identified the -2 pair of boots of the Imp {Str+3} (Okawaru gifted it to you on level 4 of the Snake Pit)
 33676 | Snake:4  | Received a gift from Okawaru
 34215 | Snake:4  | Got a serpentine rune of Zot
 34634 | Elf:1    | Entered Level 1 of the Elven Halls
 34664 | Elf:1    | Received a gift from Okawaru
 34682 | Elf:1    | Reached XP level 18. HP: 116/147 MP: 18/18
 34856 | Elf:1    | Identified the Disquisition on Summoning
 34862 | Elf:1    | Reached skill level 21 in Long Blades
 34973 | Elf:1    | HP: 6/147 [deep elf knight (12)]
 35022 | Elf:1    | HP: 2/147 [deep elf archer/arrow (23)]
 35413 | Elf:1    | Found a deep blue altar of Sif Muna.
 35833 | Elf:2    | Found a ruined gateway.
 35843 | Desolati | Entered the Desolation of Salt
 36080 | Elf:2    | Mangled by an imperial myrmidon

Skill      XL: |  1  2  3  4  5  6  7  8  9 10 11 12 13 14 15 16 17 18 |
---------------+-------------------------------------------------------+-----
Long Blades    | 2 3 4 5 7 9 11 12 14 15 17 18 19 20 21 | 21.1
Fighting       | 4 5 6 7 9 10 11 12 13 14 | 14.8
Dodging        | 1 3 5 6 8 |  8.5
Armour         | 3 4 5 7 8 9 |  9.1
Shields        | |  2.4

Action                   |  1- 3 |  4- 6 |  7- 9 | 10-12 | 13-15 | 16-18 || total
-------------------------+-------+-------+-------+-------+-------+-------++-------
Melee: Long sword        |   131 |   375 |   447 |   243 |       |       ||  1196
       Scimitar          |       |       |       |   282 |    38 |       ||   320
       Demon blade       |       |       |       |    64 |       |       ||    64
       Great sword       |       |       |       |   193 |  1238 |  1297 ||  2728
       Triple sword      |       |       |       |       |    52 |       ||    52
Throw: Tomahawk          |       |       |     3 |     1 |       |       ||     4
Invok: Heroism           |       |       |     5 |     9 |    24 |    32 ||    70
       Finesse           |       |       |       |     1 |     5 |     1 ||     7
Evoke: Wand              |       |     5 |    10 |    19 |     6 |     2 ||    42
       Lamp of fire      |       |       |       |       |     1 |     1 ||     2
  Use: Scroll            |       |     2 |     9 |     6 |     4 |    12 ||    33
 Stab: Paralysed         |       |       |       |     9 |     1 |       ||    10
Armor: Scale mail        |    61 |    22 |       |       |       |       ||    83
       Swamp dragon scal |       |    17 |       |       |       |       ||    17
       Chain mail        |       |   115 |   220 |   265 |       |       ||   600
       Plate armour      |       |       |       |   145 |   883 |   651 ||  1679
Dodge: Dodged            |    40 |    87 |    92 |   194 |   644 |   610 ||  1667
Block: Shield            |    66 |   142 |   200 |   212 |       |       ||   620
       Rpst.: Long sword |    14 |    31 |    35 |    15 |       |       ||    95
       Scimitar          |       |       |       |    12 |       |       ||    12
       Demon blade       |       |       |       |     2 |       |       ||     2
       Great sword       |       |       |       |    21 |   130 |   154 ||   305
       Triple sword      |       |       |       |       |     7 |       ||     7
